Kradschützen Motorcycle Team
Construct Light Support Kompanie
Selects Armored Support Battlegroup
Selects Superior Fire Drills
Construct Mechanized Kompanie
Construct Mechanized Kompanie
Selects Flammpanzer III Medium Tank
Flammpanzer III Medium Tank
Flammpanzer III Medium Tank
Flammpanzer III Medium Tank
Selects Command Panzer IV F Medium Tank
Command Panzer IV F Medium Tank
Flammpanzer III Medium Tank
Command Panzer IV F Medium Tank
Command Panzer IV F Medium Tank
Flammpanzer III Medium Tank
Flammpanzer III Medium Tank
Selects Stuka Anti-tank Loiter
Flammpanzer III Medium Tank
Flammpanzer III Medium Tank